TOP OF THE 1ST |
Vancouver Vipers batting - Pitching for Houston Hammertime : RHP Jun Kawashima
|
Pitching: RHP Jun Kawashima
|
|
Batting: LHB Malcolm Thomas
|
0-0: DOUBLE (Flyball, 78XD)
|
Batting: SHB Richard Bowman
|
0-0: Called Strike 0-1: Ball 1-1: Swinging Strike 1-2: SINGLE (Groundball, 34D) Malcolm Thomas to third Runner from 3rd tries for Home, SAFE, no throw or cutoff
|
Batting: RHB Sergio Pujols
|
0-0: Ball 1-0: Fielders Choice at 2nd, 1-4 (Groundball, 15S)
|
Batting: RHB Salvador Medine
|
0-0: Ball 1-0: Ball 2-0: Called Strike 2-1: Called Strike 2-2: Ball 3-2: Fly out, F8 (Flyball, 8RM)
|
Batting: RHB Steve Bender
|
0-0: Ball 1-0: Fly out, F8 (Flyball, 8RD)
|
Top of the 1st over - 1 run(s), 2 hit(s), 0 error(s), 1 left on base; Vancouver 1 - Houston 0 |
BOTTOM OF THE 1ST |
Houston Hammertime batting - Pitching for Vancouver Vipers : LHP Greg Taylor
|
Pitching: LHP Greg Taylor
|
|
Batting: LHB Tony Tavárez
|
0-0: Bunted foul 0-1: Ball 1-1: Foul Ball, location: 2F 1-2: Ball 2-2: Fly out, F7 (Flyball, 78M)
|
Batting: RHB Richard Coker
|
0-0: Ball 1-0: Called Strike 1-1: Called Strike 1-2: Foul Ball, location: 2F 1-2: Foul Ball, location: 2F 1-2: Foul Ball, location: 2F 1-2: Ball 2-2: Foul Ball, location: 2F 2-2: Foul Ball, location: 2F 2-2: Foul Ball, location: 2F 2-2: Strikes out swinging
|
Batting: RHB Mario Beltrán
|
0-0: Ball 1-0: Called Strike 1-1: Fly out, F9 (Flyball, 89D)
|
Bottom of the 1st over - 0 run(s), 0 hit(s), 0 error(s), 0 left on base; Vancouver 1 - Houston 0 |
TOP OF THE 2ND |
Vancouver Vipers batting - Pitching for Houston Hammertime : RHP Jun Kawashima
|
Batting: RHB Alfredo Hernández
|
0-0: Called Strike 0-1: Called Strike 0-2: Ground out 1-3 (Groundball, 15)
|
Batting: SHB Henry Copeland
|
0-0: Ball 1-0: Swinging Strike 1-1: Ball 2-1: Ball 3-1: Foul Ball, location: 2F 3-2: Strikes out swinging
|
Batting: RHB Bill Little
|
0-0: Called Strike 0-1: Called Strike 0-2: Foul Ball, location: 2F 0-2: Ball 1-2: Ball 2-2: Foul Ball, location: 2F 2-2: Strikes out swinging
|
Top of the 2nd over - 0 run(s), 0 hit(s), 0 error(s), 0 left on base; Vancouver 1 - Houston 0 |
BOTTOM OF THE 2ND |
Houston Hammertime batting - Pitching for Vancouver Vipers : LHP Greg Taylor
|
Batting: RHB Dan Mason
|
0-0: Called Strike 0-1: DOUBLE (Line Drive, 7D)
|
Batting: RHB Domingo Matos
|
0-0: Ball 1-0: Swinging Strike 1-1: Ball 2-1: DOUBLE (Line Drive, 7LM) Dan Mason scores
|
Batting: LHB Bartolo Villanueva
|
0-0: Called Strike 0-1: Foul Ball, location: 2F 0-2: Ground out 1-3 (Groundball, 13) Domingo Matos to third
|
Batting: RHB Alberto Chávez
|
0-0: Ball 1-0: SINGLE (Groundball, 56D) Domingo Matos scores
|
Batting: LHB Fernando Camacho
|
0-0: Ball 1-0: Called Strike 1-1: Called Strike 1-2: Foul Ball, location: 2F 1-2: SINGLE (Flyball, 89S) Alberto Chávez to second
|
Batting: RHB Pepe González
|
0-0: Ball 1-0: Ball 2-0: Foul Ball, location: 2F 2-1: Foul Ball, location: 2F 2-2: Ball 3-2: 3-RUN HOME RUN (Flyball, 89XD), Distance : 397 ft
|
Batting: LHB Tony Tavárez
|
0-0: Called Strike 0-1: Ground out 4-3 (Groundball, 4)
|
Batting: RHB Richard Coker
|
0-0: Swinging Strike 0-1: Ball 1-1: Ball 2-1: Ball 3-1: Foul Ball, location: 2F 3-2: Foul Ball, location: 2F 3-2: Base on Balls
|
Batting: RHB Mario Beltrán
|
0-0: Called Strike 0-1: Swinging Strike 0-2: Ball 1-2: Ball 2-2: Foul Ball, location: 2F 2-2: Foul Ball, location: 2F 2-2: Strikes out swinging
|
Bottom of the 2nd over - 5 run(s), 5 hit(s), 0 error(s), 1 left on base; Vancouver 1 - Houston 5 |
TOP OF THE 3RD |
Vancouver Vipers batting - Pitching for Houston Hammertime : RHP Jun Kawashima
|
Batting: RHB Oscar Rudd
|
0-0: Called Strike 0-1: Fly out, F8 (Flyball, 8RS)
|
Batting: LHB Malcolm Thomas
|
0-0: Ball 1-0: Called Strike 1-1: Foul Ball, location: 2F 1-2: Ball 2-2: Ball 3-2: Strikes out swinging
|
Batting: SHB Richard Bowman
|
0-0: Called Strike 0-1: Foul Ball, location: 2F 0-2: Ball 1-2: Ground out 4-3 (Groundball, 4)
|
Top of the 3rd over - 0 run(s), 0 hit(s), 0 error(s), 0 left on base; Vancouver 1 - Houston 5 |
BOTTOM OF THE 3RD |
Houston Hammertime batting - Pitching for Vancouver Vipers : LHP Greg Taylor
|
Batting: RHB Dan Mason
|
0-0: Swinging Strike 0-1: SOLO HOME RUN (Flyball, 78XD), Distance : 376 ft
|
Batting: RHB Domingo Matos
|
0-0: Called Strike 0-1: Ball 1-1: Ball 2-1: Ball 3-1: Fly out, F7 (Flyball, 7D)
|
Batting: LHB Bartolo Villanueva
|
0-0: Called Strike 0-1: Called Strike 0-2: Ball 1-2: Ground out 4-3 (Groundball, 34)
|
Batting: RHB Alberto Chávez
|
0-0: Ball 1-0: Ball 2-0: Foul Ball, location: 2F 2-1: SINGLE (Groundball, 13) (infield hit)
|
Batting: LHB Fernando Camacho
|
0-0: SINGLE (Groundball, 56D) Alberto Chávez to second
|
Batting: RHB Pepe González
|
0-0: Ball 1-0: Ball 2-0: Called Strike 2-1: Foul Ball, location: 2F 2-2: Fly out, F8 (Flyball, 8LM)
|
Bottom of the 3rd over - 1 run(s), 3 hit(s), 0 error(s), 2 left on base; Vancouver 1 - Houston 6 |
TOP OF THE 4TH |
Vancouver Vipers batting - Pitching for Houston Hammertime : RHP Jun Kawashima
|
Batting: RHB Sergio Pujols
|
0-0: Ball 1-0: Ball 2-0: Ball 3-0: Called Strike 3-1: Called Strike 3-2: Foul Ball, location: 2F 3-2: Ground out 4-3 (Groundball, 4)
|
Batting: RHB Salvador Medine
|
0-0: Called Strike 0-1: Ground out 1-3 (Groundball, 15)
|
Batting: RHB Steve Bender
|
0-0: Called Strike 0-1: Ball 1-1: Called Strike 1-2: Ball 2-2: Ground out 5-3 (Groundball, 56S)
|
Top of the 4th over - 0 run(s), 0 hit(s), 0 error(s), 0 left on base; Vancouver 1 - Houston 6 |
BOTTOM OF THE 4TH |
Houston Hammertime batting - Pitching for Vancouver Vipers : LHP Greg Taylor
|
Batting: LHB Tony Tavárez
|
0-0: Ball 1-0: Ball 2-0: Foul Ball, location: 2F 2-1: Called Strike 2-2: Ball 3-2: Foul Ball, location: 2F 3-2: Base on Balls
|
Pitching: RHP Sang-joon Pak
|
|
Batting: RHB Richard Coker
|
0-0: Ball 1-0: Swinging Strike 1-1: Grounds into double play, 6-4-3 (Groundball, 6)
|
Batting: RHB Mario Beltrán
|
0-0: Called Strike 0-1: Ground out 2-3 (Groundball, 23)
|
Bottom of the 4th over - 0 run(s), 0 hit(s), 0 error(s), 0 left on base; Vancouver 1 - Houston 6 |
TOP OF THE 5TH |
Vancouver Vipers batting - Pitching for Houston Hammertime : RHP Jun Kawashima
|
Batting: RHB Alfredo Hernández
|
0-0: Called Strike 0-1: Swinging Strike 0-2: Strikes out swinging
|
Batting: SHB Henry Copeland
|
0-0: Called Strike 0-1: Swinging Strike 0-2: Foul Ball, location: 2F 0-2: Ball 1-2: Fly out, F7 (Popup, 56D)
|
Batting: RHB Bill Little
|
0-0: Called Strike 0-1: Foul Ball, location: 2F 0-2: Foul Ball, location: 2F 0-2: Ball 1-2: Foul Ball, location: 2F 1-2: Strikes out swinging
|
Top of the 5th over - 0 run(s), 0 hit(s), 0 error(s), 0 left on base; Vancouver 1 - Houston 6 |
BOTTOM OF THE 5TH |
Houston Hammertime batting - Pitching for Vancouver Vipers : RHP Sang-joon Pak
|
Batting: RHB Dan Mason
|
0-0: Fly out, F8 (Popup, 8LS)
|
Batting: RHB Domingo Matos
|
0-0: Ball 1-0: Foul Ball, location: 2F 1-1: Ball 2-1: Ground out 5-3 (Groundball, 56)
|
Batting: LHB Bartolo Villanueva
|
0-0: Called Strike 0-1: Ground out 1-3 (Groundball, 15S)
|
Bottom of the 5th over - 0 run(s), 0 hit(s), 0 error(s), 0 left on base; Vancouver 1 - Houston 6 |
TOP OF THE 6TH |
Vancouver Vipers batting - Pitching for Houston Hammertime : RHP Jun Kawashima
|
Batting: RHB Oscar Rudd
|
0-0: Fly out, F7 (Line Drive, 78M)
|
Batting: LHB Malcolm Thomas
|
0-0: Called Strike 0-1: Ground out U3 (Groundball, 3L)
|
Batting: SHB Richard Bowman
|
0-0: Ball 1-0: Swinging Strike 1-1: Ball 2-1: Swinging Strike 2-2: Foul Ball, location: 2F 2-2: Strikes out swinging
|
Top of the 6th over - 0 run(s), 0 hit(s), 0 error(s), 0 left on base; Vancouver 1 - Houston 6 |
BOTTOM OF THE 6TH |
Houston Hammertime batting - Pitching for Vancouver Vipers : RHP Sang-joon Pak
|
Batting: RHB Alberto Chávez
|
0-0: Ball 1-0: Ball 2-0: Fly out, F8 (Line Drive, 8RS)
|
Batting: LHB Fernando Camacho
|
0-0: Ball 1-0: SINGLE (Line Drive, 3L)
|
Batting: RHB Pepe González
|
0-0: Swinging Strike 0-1: Foul Ball, location: 2F 0-2: Foul Ball, location: 2F 0-2: Ball 1-2: SINGLE (Groundball, 6M) Fernando Camacho to second
|
Batting: LHB Tony Tavárez
|
0-0: Ball 1-0: SINGLE (Flyball, 8LS) Fernando Camacho to third Pepe González to second
|
Batting: RHB Richard Coker
|
0-0: Ball 1-0: Fly out, F9 (Flyball, 9M) Runner from 3rd tags up, SCORES, throw made
|
Batting: RHB Mario Beltrán
|
0-0: Called Strike Balk! Pepe González to third Tony Tavárez to second 0-1: Called Strike 0-2: Ball 1-2: SINGLE (Groundball, 6MD) Pepe González scores Tony Tavárez to third Runner from 3rd tries for Home, SAFE, no throw or cutoff
|
Batting: RHB Dan Mason
|
0-0: Called Strike 0-1: Foul Ball, location: 2F 0-2: Ball 1-2: Foul Ball, location: 2F 1-2: Fly out, F9 (Flyball, 89M)
|
Bottom of the 6th over - 3 run(s), 4 hit(s), 0 error(s), 1 left on base; Vancouver 1 - Houston 9 |
TOP OF THE 7TH |
Vancouver Vipers batting - Pitching for Houston Hammertime : RHP Jun Kawashima
|
Batting: RHB Sergio Pujols
|
0-0: Ball 1-0: Ball 2-0: Called Strike 2-1: Called Strike 2-2: Strikes out swinging
|
Batting: RHB Salvador Medine
|
0-0: Ball 1-0: Foul Ball, location: 2F 1-1: Ball 2-1: SINGLE (Flyball, 9S)
|
Batting: RHB Steve Bender
|
0-0: Fly out, F6 (Line Drive, 6M)
|
Batting: RHB Alfredo Hernández
|
0-0: Called Strike Salvador Medine steals 2nd base 0-1: Foul Ball, location: 2F 0-2: Strikes out swinging
|
Top of the 7th over - 0 run(s), 1 hit(s), 0 error(s), 1 left on base; Vancouver 1 - Houston 9 |
BOTTOM OF THE 7TH |
Houston Hammertime batting - Pitching for Vancouver Vipers : RHP Sang-joon Pak
|
Pitching: LHP Ron Cummins
|
|
Batting: RHB Domingo Matos
|
0-0: Ball 1-0: Ball 2-0: Foul Ball, location: 2F 2-1: Foul Ball, location: 2F 2-2: Ball 3-2: Base on Balls
|
Batting: LHB Bartolo Villanueva
|
0-0: Ball 1-0: Sac Bunt - play at first, batter OUT! 2-4 Domingo Matos to second
|
Batting: RHB Alberto Chávez
|
0-0: Ball 1-0: Foul Ball, location: 2F 1-1: Fly out, F6 (Popup, 6M)
|
Batting: LHB Fernando Camacho
|
0-0: Ball 1-0: Called Strike 1-1: Ball 2-1: Ball 3-1: Foul Ball, location: 2F 3-2: Ground out U3 (Groundball, 3S)
|
Bottom of the 7th over - 0 run(s), 0 hit(s), 0 error(s), 1 left on base; Vancouver 1 - Houston 9 |
TOP OF THE 8TH |
Vancouver Vipers batting - Pitching for Houston Hammertime : RHP Jun Kawashima
|
Batting: SHB Henry Copeland
|
0-0: Ball 1-0: Ball 2-0: Swinging Strike 2-1: Foul Ball, location: 2F 2-2: Ball 3-2: Strikes out swinging
|
Batting: RHB Bill Little
|
0-0: Ball 1-0: Swinging Strike 1-1: Foul Ball, location: 2F 1-2: Ball 2-2: Strikes out swinging
|
Batting: RHB Oscar Rudd
|
0-0: Ball 1-0: Swinging Strike 1-1: Ball 2-1: Ball 3-1: Called Strike 3-2: Foul Ball, location: 2F 3-2: Base on Balls
|
Pitching: RHP Pedro Castillo
|
|
Batting: LHB Malcolm Thomas
|
0-0: Ball 1-0: Called Strike 1-1: Ball 2-1: Swinging Strike 2-2: Foul Ball, location: 2F 2-2: Ball 3-2: Strikes out swinging
|
Top of the 8th over - 0 run(s), 0 hit(s), 0 error(s), 1 left on base; Vancouver 1 - Houston 9 |
BOTTOM OF THE 8TH |
Houston Hammertime batting - Pitching for Vancouver Vipers : LHP Ron Cummins
|
Batting: RHB Pepe González
|
0-0: Called Strike 0-1: Swinging Strike 0-2: Strikes out looking
|
Batting: LHB Tony Tavárez
|
0-0: Ball 1-0: Ball 2-0: Called Strike 2-1: Ball 3-1: Base on Balls
|
Pinch Hitting: RHB Moo-hyun Pak
|
0-0: Ball 1-0: Ball Tony Tavárez steals 2nd base 2-0: Called Strike 2-1: Ball 3-1: Called Strike 3-2: Fly out, F3 (Popup, 3SF)
|
Batting: RHB Mario Beltrán
|
0-0: Ball 1-0: Called Strike 1-1: 2-RUN HOME RUN (Line Drive, 78XD), Distance : 383 ft
|
Batting: RHB Dan Mason
|
0-0: Ball 1-0: Called Strike 1-1: Swinging Strike 1-2: Strikes out swinging
|
Bottom of the 8th over - 2 run(s), 1 hit(s), 0 error(s), 0 left on base; Vancouver 1 - Houston 11 |
TOP OF THE 9TH |
Vancouver Vipers batting - Pitching for Houston Hammertime : RHP Pedro Castillo
|
Now at 3B: Moo-hyun Pak
|
|
Batting: SHB Richard Bowman
|
0-0: Ball 1-0: Ground out U3 (Groundball, 3L)
|
Batting: RHB Sergio Pujols
|
0-0: Called Strike 0-1: Ball 1-1: Ball 2-1: Ground out 4-3 (Groundball, 4)
|
Batting: RHB Salvador Medine
|
0-0: Ball 1-0: Ball 2-0: Ball 3-0: Called Strike 3-1: Called Strike 3-2: Base on Balls
|
Batting: RHB Steve Bender
|
0-0: DOUBLE (Groundball, 5L) Salvador Medine to third
|
Batting: RHB Alfredo Hernández
|
0-0: Called Strike 0-1: Ball 1-1: Foul Ball, location: 2F 1-2: Ball 2-2: Ball 3-2: Foul Ball, location: 2F 3-2: Strikes out swinging
|
Top of the 9th over - 0 run(s), 1 hit(s), 0 error(s), 2 left on base; Vancouver 1 - Houston 11 |
|